 Dungeon Crawl Stone Soup version 0.24.0-37-gcf1ca852f1 (webtiles) character file.

Game seed: 7163957060775159442, levelgen mode: deterministic

265 Curus the Spear-Bearer (level 6, -7/44 HPs)
             Began as a Merfolk Gladiator on Dec 2, 2019.
             Killed by divine providence
             ... invoked by an orc priest
              (13 damage)
             ... on level 4 of the Dungeon.
             The game lasted 00:09:52 (2721 turns).

Curus the Spear-Bearer (Merfolk Gladiator)          Turns: 2721, Time: 00:09:53

Health: -7/44      AC:  4    Str: 14    XL:     6   Next: 20%
Magic:  6/6        EV: 17    Int:  7    God:
Gold:   225        SH:  0    Dex: 18    Spells: 5/5 levels left

rFire    . . .     SeeInvis .   a - +1 trident
rCold    . . .     Gourm    +   (no shield)
rNeg     . . .     Faith    .   b - +0 leather armour
rPois    +         Spirit   .   c - +0 helmet
rElec    .         Reflect  .   (no cloak)
rCorr    .         Harm     .   (no gloves)
MR       .....                  (no boots)
Stlth    +.........             j - amulet of the gourmand
HPRegen  0.14/turn              o - +3 ring of evasion
MPRegen  0.10/turn              i - ring of poison resistance

@: no status effects
A: change form in water, swift swim, stealthy swim
a: no special abilities


You were on level 4 of the Dungeon.
You were not hungry.

You visited 1 branch of the dungeon, and saw 4 of its levels.

You collected 225 gold pieces.

Inventory:

Hand Weapons
 a - a +1 trident (weapon)
Missiles
 d - 2 throwing nets (quivered)
Armour
 b - a +0 leather armour (worn)
 c - a +0 helmet (worn)
Jewellery
 e - a -2 ring of dexterity
 i - a ring of poison resistance (right hand)
 j - an amulet of the gourmand (around neck)
 o - a +3 ring of evasion (left hand)
Wands
 k - a wand of flame (18)
 l - a wand of clouds (5)
Scrolls
 h - 2 scrolls of identify
 m - a scroll of magic mapping
Potions
 g - a potion of brilliance
 n - a potion of heal wounds {unknown}
Comestibles
 f - 7 rations


   Skills:
 - Level 2.1 Fighting
 + Level 9.7 Polearms
 - Level 2.0 Throwing
 - Level 4.0 Dodging


You had 5 spell levels left.
You didn't know any spells.
Your spell library was empty.

Dungeon Overview and Level Annotations

Branches:
Dungeon (4/15)
 Temple: D:4-7

Altars:
Zin


Message History

You puncture the scorpion!
You kill the scorpion!
You have reached level 6!
Your experience leads to an increase in your attributes!
Increase (S)trength, (I)ntelligence, or (D)exterity?
You feel agile.
You hit the orc priest but do no damage.
An orc comes into view. It is wielding a +0 flail.
The orc priest closely misses you.
You hit the orc priest.
The orc priest is moderately wounded.
The orc priest hits you.
* * * LOW HITPOINT WARNING * * *
You hit the orc priest but do no damage.
The orc priest is moderately wounded.
You puncture the orc priest!
The orc priest is almost dead.
The orc priest mumbles some strange prayers to Beogh against you.
Beogh smites you!
You die...

.# .##.#### ......
#%..##### #...#..$#
#
.#########...#...#.
.....oo@..?.......
..#.####.).$..#.#
#.##.)...#
#.##.#.########
#....<........#
#....#........#
#.#.###########
#.#. #.###


You could see an orc priest and an orc.

Vanquished Creatures
  An ogre (D:4)
  A scorpion (D:4)
  An orc wizard (D:4)
  3 adders
  A shadow imp (D:3)
  A worm (D:3)
  7 orcs
  3 giant cockroaches
  7 goblins
  8 hobgoblins
  2 jackals (D:1)
  A quokka (D:3)
  2 ball pythons
  4 bats
  3 frilled lizards (D:2)
  6 kobolds
  8 rats
59 creatures vanquished.

Notes
Turn   | Place    | Note
-------+----------+-------------------------------------------
     0 | D:1      | Curus the Merfolk Gladiator began the quest for the Orb.
     0 | D:1      | Reached XP level 1. HP: 16/16 MP: 1/1
   131 | D:1      | Reached skill level 5 in Polearms
   133 | D:1      | Reached XP level 2. HP: 22/22 MP: 2/2
   649 | D:2      | Reached skill level 6 in Polearms
   649 | D:2      | Reached XP level 3. HP: 27/27 MP: 3/3
  1381 | D:3      | Reached skill level 7 in Polearms
  1381 | D:3      | Reached XP level 4. HP: 10/33 MP: 4/4
  1888 | D:3      | Found a glowing silver altar of Zin.
  2457 | D:4      | Noticed an ogre
  2470 | D:4      | Killed an ogre
  2470 | D:4      | Reached skill level 9 in Polearms
  2470 | D:4      | Reached XP level 5. HP: 4/38 MP: 5/5
  2717 | D:4      | Reached XP level 6. HP: 11/44 MP: 6/6
  2721 | D:4      | Killed from afar by an orc priest

Levels and vault maps discovered:
D:1:      scummos_arrival_forest, layout_basic, kennysheep_nondescript
D:2:      layout_basic, first_ration, serial_park_tiny_2, grunt_ministairs_3
D:3:      layout_basic, lemuel_coloured_pillars_altar,
          minmay_misc_feat_nine_boxes, feat_on_display
D:4:      layout_basic

Skill      XL: |  1  2  3  4 |
---------------+-------------+-----
Polearms       | 5 6 7 9 |  9.7
Fighting       | |  2.1
Throwing       | |  2.0
Dodging        | |  4.0

Action                   |  1- 3 |  4- 6 || total
-------------------------+-------+-------++-------
Melee: Trident           |   117 |    99 ||   216
Throw: Throwing net      |       |     1 ||     1
  Use: Scroll            |    11 |       ||    11
       Potion            |     2 |     2 ||     4
 Stab: Sleeping          |     1 |       ||     1
       Distracted        |       |     2 ||     2
  Eat: Chunk             |     3 |     8 ||    11
Armor: Leather armour    |    21 |     9 ||    30
Dodge: Dodged            |    60 |    45 ||   105
